cohdb
Replays
Latest Replays
All Replays
Popular Replays
Top Player Replays
Match Explorer
How It Works
Community
CoH3 Stats
Reddit
Sign in to upload your games and track your stats! →
Sign in with Steam
Match 28561771
Unlisted
Match 28561771
Overview
Messages
Build Orders
End
Kettenkrad Recon Vehicle
Construct Infanterie Kompanie
MG 42 Machine Gun Team
GrW 34 Mortar Team
GrW 34 Mortar Team
Selects Breakthrough Battlegroup
Selects Assault Grenadiers
Grenadier Squad
Medical Station
Construct Panzergrenadier Kompanie
Support Elements
Nebelwerfer 42 Rocket Launcher Team
AI Takeover
Green
Akaxiya
iAinEng
Ghoulss
bigbadpapi556
Dynasty87
メғєαʀʟєss
PIYACHOK
0
0
Comments
sign in to comment!
No comments posted yet!